 Dungeon Crawl Stone Soup version 0.29.1-15-g9cfb28693d (webtiles) character file.

Game seed: 7082755401154628374

326 dudediamond6 the Covert (level 6, -4/39 HPs)
             Began as an Octopode Brigand on Mar 30, 2023.
             Slain by a gnoll
             ... wielding a +0 club
              (8 damage)
             ... on level 4 of the Dungeon.
             The game lasted 00:07:00 (3783 turns).

dudediamond6 the Covert (Octopode Brigand)          Turns: 3783, Time: 00:07:01

Health: -4/39      AC:  1    Str: 11    XL:     6   Next: 49%
Magic:  0/6        EV: 13    Int: 13    God:
Gold:   216        SH:  0    Dex: 15    Spells: 5/5 levels left

rFire   . . .      SeeInvis .   s - +2 rapier (protect)
rCold   . . .      Faith    .   (no shield)
rNeg    . . .      Spirit   +   (helmet restricted)
rPois   .          Reflect  .   f - amulet of guardian spirit
rElec   .          Harm     .   (no ring)
rCorr   .          Rampage  .   (no ring)
Will    .....                   (no ring)
Stlth   +++++.....              (no ring)
HPRegen 0.13/turn               (no ring)
MPRegen 0.10/turn               (no ring)
                                (no ring)
                                (no ring)

@: no status effects
A: almost no armour, amphibious, 8 rings, camouflage 1, gelatinous body 1,
(nimble swimmer 1), tentacles
a: no special abilities


You were on level 4 of the Dungeon.
You visited 1 branch of the dungeon, and saw 4 of its levels.

You collected 216 gold pieces.

Inventory:

Hand Weapons
 a - a +2 dagger
 l - the +10 whip "Umnun" {protect, Dex+5}
   (You found it on level 2 of the Dungeon)

   It grants its wielder temporary protection when it strikes (+7 to AC).
   Dex:       It affects your dexterity (+5).
 s - a +2 rapier of protection (weapon)
 w - a +0 long sword
Missiles
 b - 11 poisoned darts (quivered)
 c - 3 curare-tipped darts
 d - a throwing net
Jewellery
 f - an amulet of guardian spirit (around mantle)
 v - a ring of wizardry
Wands
 r - a wand of digging (1)
 y - a wand of mindburst (16)
Scrolls
 g - 2 scrolls of summoning {unknown}
 j - a scroll of immolation {unknown}
 k - a scroll of butterflies {unknown}
 m - 3 scrolls of enchant weapon {unknown}
 n - 2 scrolls of noise {unknown}
 o - a scroll of poison {unknown}
 p - a scroll of identify {unknown}
 q - a scroll of torment {unknown}
 t - a scroll of blinking {unknown}
 u - a scroll of enchant armour {unknown}
Potions
 e - a potion of brilliance {unknown}
 h - a potion of ambrosia {unknown}
 i - 3 potions of curing {unknown}
 x - a potion of cancellation {unknown}


   Skills:
 + Level 2.2 Fighting
 + Level 4.0 Short Blades
 - Level 2.0 Throwing
 + Level 1.7 Dodging
 + Level 8.9 Stealth


You had 5 spell levels left.
You didn't know any spells.
Your spell library was empty.

Dungeon Overview and Level Annotations

Branches:
Dungeon (4/15)
 Temple: D:4-7

Altars:
Ashenzari
Uskayaw
Zin


Innate Abilities, Weirdness & Mutations

You cannot wear most types of armour.
You are amphibious.
You can wear up to eight rings at the same time.
Your skin changes colour to match your surroundings (Stealth+).
Your rubbery body absorbs attacks. (AC +1, EV +1)
((You are camouflaged when in or above water. (Stealth+)))
You have tentacles for arms and can constrict up to eight enemies at once.


Message History

Found a robe.
m - 3 scrolls labelled GYONGU JISHRE (gained 1)
Found a stone staircase leading up.
A shadow imp is nearby!
You hit the shadow imp but do no damage.
Your weapon exudes an aura of protection.
You grab the shadow imp. You tentacle-slap the shadow imp.
The shadow imp is lightly wounded.
You constrict the shadow imp.
The shadow imp hits you but does no damage.
You hit the shadow imp.
The shadow imp is severely wounded.
You constrict the shadow imp. The shadow imp gestures at you.
Pain shoots through your body!
You hit the shadow imp.
You kill the shadow imp!
You now have 216 gold pieces (gained 15).
A wyvern is nearby! 2 gnolls come into view. 2 gnolls come into view.
A gnoll is wielding a +2 flail of venom.
The gnoll shouts!
You see here a +0 buckler.
The gnoll hits you with a +0 whip. The gnoll attacks as you move away!
The gnoll hits you with a +0 whip. The gnoll attacks as you move away!
The gnoll misses you. The gnoll attacks as you move away!
The gnoll hits you with a +0 whip! The gnoll attacks as you move away!
The gnoll hits you with a +0 club. The gnoll attacks as you move away!
The gnoll hits you with a +0 club! The gnoll attacks as you move away!
The gnoll misses you. The gnoll hits you with a +0 whip.
The gnoll hits you with a +0 club!
* * * LOW HITPOINT WARNING * * *
The gnoll attacks as you move away! The gnoll hits you with a +0 club.
* * * LOW HITPOINT WARNING * * *
You barely miss the gnoll. You grab the gnoll.
You constrict the gnoll, but do no damage.
The gnoll hits you with a +0 club!
You die...

#.....†..............####.#...
###.....##.............####...
###......#..............#.....
#.....####.........~~..♣.....♣
##..### #.........~~~~~~......
#..######......g..~~~~.......
##.#......#.#.....~~~.P.....♣
#>......####gg..♣♣P.........
#..##..###.@g###..........#.
##.....##...###.............
#.....#.......##...........#.
##..####...#..............###
#....# #.[###..####.#........
###.## #..#....# ###........
## ##†.....## #.†........
##...#..###.........#
##......†........####


You could see 4 gnolls.

Vanquished Creatures
  A phantom (D:4)
  2 hounds (D:4)
  Ijyb (D:3)
  An iguana (D:4)
  3 gnolls
  3 adders
  A shadow imp (D:4)
  2 worms (D:3)
  2 dart slugs
  5 ball pythons
  5 bats
  8 endoplasms
  A giant cockroach (D:1)
  10 goblins
  3 hobgoblins (D:2)
  3 quokkas
  6 frilled lizards
  7 kobolds
  6 rats
70 creatures vanquished.

Notes
Turn   | Place    | Note
-------+----------+-------------------------------------------
     0 | D:1      | dudediamond6 the Octopode Brigand began the quest for the
                  | Orb.
     0 | D:1      | Reached XP level 1. HP: 14/14 MP: 1/1
   236 | D:1      | Reached XP level 2. HP: 19/19 MP: 2/2
   318 | D:1      | Reached skill level 6 in Stealth
   468 | D:1      | Reached XP level 3. HP: 24/24 MP: 3/3
   470 | D:1      | Found a faded altar of an unknown god.
  1550 | D:2      | Reached XP level 4. HP: 27/29 MP: 4/4
  1800 | D:2      | Found a hide-covered altar of Uskayaw.
  1845 | D:2      | Reached skill level 7 in Stealth
  1854 | D:2      | Identified the +10 whip "Umnun" {protect, Dex+5}
  2333 | D:3      | Reached XP level 5. HP: 27/34 MP: 3/5
  2516 | D:3      | Noticed Ijyb
  2522 | D:3      | Killed Ijyb
  2713 | D:3      | Found a large runed translucent door.
  2717 | D:3      | Found a large runed translucent door.
  2843 | D:3      | Found a broken altar of Ashenzari.
  2853 | D:3      | Found a glowing silver altar of Zin.
  2983 | D:3      | Found a broken altar of Ashenzari.
  2986 | D:3      | Found a glowing silver altar of Zin.
  3423 | D:4      | Identified the +10 sling of Greatest Utility {flame, Fly
                  | rPois rF- Str+10}
  3434 | D:4      | Noticed a wyvern
  3469 | D:4      | Noticed a phantom
  3481 | D:4      | Killed a phantom
  3482 | D:4      | Reached skill level 8 in Stealth
  3482 | D:4      | Reached XP level 6. HP: 33/39 MP: 3/6
  3783 | D:4      | Slain by a gnoll

Illustrated notes

Levels and vault maps discovered:
D:1:      ncdulo_watergridlock, layout_loops_corners,
          ebering_ecumenical_altar_box, kennysheep_crisscross,
          minmay_stone_trees_small
D:2:      layout_loops_ring, basic_altar
D:3:      minmay_angry_zag, layout_basic, jmf_multi_god_temple2, serial_rivers,
          chequers_serial_rivers_marsh, chequers_serial_rivers_small_3,
          chequers_serial_rivers_room_b, chequers_serial_rivers_room_b,
          uniq_ijyb
D:4:      layout_cave_pools, serial_demonic, serial_demonic_f, serial_demonic_e,
          serial_demonic_f, serial_demonic_c

Skill      XL: |  1  2  3  4  5  6 |
---------------+-------------------+-----
Stealth        | 6 7 8 |  8.9
Short Blades   | 3 4 |  4.0
Fighting       | |  2.2
Throwing       | |  2.0
Dodging        | |  1.7

Action                   |  1- 3 |  4- 6 || total
-------------------------+-------+-------++-------
Melee: Dagger            |    58 |    17 ||    75
       Constrict         |    10 |    11 ||    21
       Tentacles         |     5 |    13 ||    18
       Punch             |     1 |     1 ||     2
       Whip              |       |    23 ||    23
       Rapier            |       |    34 ||    34
 Stab: Sleeping          |    14 |    11 ||    25
       Distracted        |     1 |     2 ||     3
Armor: Skin              |     2 |    10 ||    12
Dodge: Dodged            |    21 |    31 ||    52
